AoeStats
← warwick

Arena

509557986Analyzed
1v1 RM · 5d ago on Sep 27, 2026· 52m 19s· 2 players
Game mode
Random Map
Map size
Tiny (2 player)
Population
200
Speed
Normal
Resources
Standard
Victory
Conquest
Starting age
Dark Age
Ending age
Imperial Age
RankedLock teamsTeams togetherTeam positionsShared explorationLock speedFull tech treeHidden civsTurbo modeCheats
Victory
Defeat
🇦🇷 Khmer · Argentina
432
+11
🇦🇺 Celts · Australia
311
-11
warwick
12:14 Feudal Age
12:49 Town Watch
13:40 Wheelbarrow
12:55 Double-Bit Axe
12:54 Horse Collar
20:16 Castle Age
19:29 Forging
19:19 Scale Mail Armor
26:56 Pikeman
51:39 Loom
DRO58912
11:31 Feudal Age
14:54 Castle Age
14:34 Loom
24:22 Double-Bit Axe
31:30 Redemption
39:45 Imperial Age
40:00 Husbandry
47:29 Double Crossbow
48:19 Cavalier
Connection lost

Rejoining the realm…

Still unreachable

The connection could not be restored.

Session expired

The server has moved on; the page needs a fresh start.